 Dungeon Crawl Stone Soup version 0.25.0-10-g039870ee82 (webtiles) character file.

Game seed: 17231008755169684670

58 Delamore the Chopper (level 4, 0/39 HPs)
             Began as a Hill Orc Monk on June 22, 2020.
             Slain by an adder (1 damage)
             ... on level 1 of the Dungeon.
             The game lasted 00:01:39 (2609 turns).

Delamore the Chopper (Hill Orc Monk)                Turns: 2609, Time: 00:01:40

Health: 0/39       AC:  3    Str: 16    XL:     4   Next: 1%
Magic:  4/4        EV: 12    Int: 12    God:
Gold:   26         SH:  0    Dex: 13    Spells: 3/3 levels left

rFire    . . .     SeeInvis .   a - +0 hand axe
rCold    . . .     Gourm    .   (no shield)
rNeg     . . .     Faith    .   i - +0 leather armour
rPois    .         Spirit   .   (no helmet)
rElec    .         Reflect  .   (no cloak)
rCorr    .         Harm     .   (no gloves)
MR       +....                  (no boots)
Stlth    ++........             (no amulet)
HPRegen  0.13/turn              f - ring of protection from magic
MPRegen  0.09/turn              (no ring)

@: no status effects
A: clever 1, strong 1
a: no special abilities


You were on level 1 of the Dungeon.
You were not hungry.

You visited 1 branch of the dungeon, and saw 2 of its levels.

You collected 26 gold pieces.

Inventory:

Hand Weapons
 a - a +0 hand axe (weapon)
Armour
 b - a +0 robe
 i - a +0 leather armour (worn)
Jewellery
 f - a ring of protection from magic (left hand)
Scrolls
 d - a scroll of remove curse {unknown}
 e - 3 scrolls of identify {unknown}
 g - a scroll of fear {unknown}
 h - a scroll of enchant armour {unknown}
 l - a scroll of magic mapping {unknown}
 n - a scroll of teleportation {unknown}
Potions
 j - a potion of heal wounds
 k - a potion of curing {unknown}
 m - a potion of degeneration {unknown}
Comestibles
 c - a ration
 o - a chunk of flesh


   Skills:
 - Level 3.6 Fighting
 + Level 6.3 Axes
 - Level 2.4 Dodging
 - Level 1.5 Stealth


You had 3 spell levels left.
You didn't know any spells.
Your spell library was empty.

Dungeon Overview and Level Annotations

Branches:
Dungeon (2/15)

Altars:


Innate Abilities, Weirdness & Mutations

Your mind is acute. (Int +2)
Your muscles are strong. (Str +2)


Message History

A gnoll comes into view. It is wielding a +0 whip of flaming.
The gnoll hits you with a +0 flail!
You hit the gnoll but do no damage.
A gnoll comes into view. It is wielding a +0 halberd.
The adder hisses angrily.
There is a stone staircase leading up here.
The gnoll hits you with a +0 flail! The adder barely misses you.
You climb upwards.
There is a stone staircase leading down here.
You hit the adder.
The adder is heavily wounded.
You closely miss the gnoll. The adder bites you but does no damage.
The gnoll hits you with a +0 flail.
You hit the adder.
The adder is severely wounded.
You hit the gnoll but do no damage. The adder closely misses you.
The gnoll hits you with a +0 flail!
* * * LOW HITPOINT WARNING * * *
The adder bites you.
You die...

รท........#
.......#.#
...###.#.#
##.#.#.#.#
#.#.#.#.#
#.#.#)#.#
#.#.#.#.#
##.#.#.#(#########
........(......g@#
##.#.#.#.#######S#
.....#.#.# #.#
.#.###.#.# #.#
.#.# #.#.# #.#
.#.# #.#.# #.#
.#.###.#.# #.#
.........# #.#
##.###.### #.#


You could see a gnoll and an adder.

Vanquished Creatures
  2 gnolls
  An adder (D:1)
  An ooze (D:1)
  A dart slug (D:1)
  2 leopard geckos (D:1)
  A goblin (D:1)
  4 hobgoblins
  3 kobolds (D:1)
  A quokka (D:2)
  A ball python (D:2)
  3 bats
  A frilled lizard (D:1)
  A rat (D:1)
22 creatures vanquished.

Notes
Turn   | Place    | Note
-------+----------+-------------------------------------------
     0 | D:1      | Delamore the Hill Orc Monk began the quest for the Orb.
     0 | D:1      | Reached XP level 1. HP: 19/19 MP: 1/1
   149 | D:1      | Reached XP level 2. HP: 8/26 MP: 2/2
   388 | D:1      | Reached skill level 5 in Axes
   697 | D:1      | Reached XP level 3. HP: 27/31 MP: 3/3
  1412 | D:1      | HP: 1/31 [poisoned by an adder]
  1413 | D:1      | Gained mutation: Your mind is acute. (Int +2) [potion of
                  | mutation]
  1413 | D:1      | Gained mutation: Your muscles are strong. (Str +2) [potion
                  | of mutation]
  1950 | D:1      | Reached skill level 6 in Axes
  2553 | D:2      | Reached XP level 4. HP: 37/39 MP: 4/4
  2609 | D:1      | HP: 1/39 [gnoll/+0 flail (13)]
  2609 | D:1      | Slain by an adder

Illustrated notes

Levels and vault maps discovered:
D:1:      minmay_arrival_hallway, layout_basic
D:2:      layout_basic, nicolae_dithmenos_through_a_glass_darkly,
          lemuel_round_altar, minmay_misc_feat_room

Skill      XL: |  1  2  3 |
---------------+----------+-----
Axes           | 5 6 |  6.3
Fighting       | |  3.6
Dodging        | |  2.4
Stealth        | |  1.5

Action                   |  1- 3 |  4- 6 || total
-------------------------+-------+-------++-------
Melee: Hand axe          |   115 |     6 ||   121
  Use: Potion            |     2 |       ||     2
  Eat: Chunk             |     2 |       ||     2
       Ration            |     1 |       ||     1
Armor: Robe              |    17 |       ||    17
       Leather armour    |     2 |     1 ||     3
Dodge: Dodged            |    82 |     4 ||    86
